 Dungeon Crawl Stone Soup version 0.19-a0-599-g723c685 (webtiles) character file.

5485 st0uf the Blocker (level 11, -3/83 (84) HPs)
             Began as a Formicid Fighter on June 11, 2016.
             Was a Follower of Uskayaw.
             Killed from afar by an orc warrior (34 damage)
             ... with an exploding inner flame
             ... hexed by the player character
             ... in a bailey.
             The game lasted 00:43:06 (7287 turns).

st0uf the Blocker (Formicid Fighter)                Turns: 7287, Time: 00:43:07

HP:   -3/83 (84)    AC: 11    Str: 24    XL:     11   Next: 1%
MP:   16/16         EV: 13    Int:  8    God:    Uskayaw [*.....]
Gold: 419           SH: 12    Dex: 10    Spells: 0 memorised, 10 levels left

rFire  . . .     SeeInvis +     H - +0 battleaxe
rCold  . . .     Gourm    .     y - +0 ring mail
rNeg   . . .     Faith    .     c - +0 shield
rPois  .         Spirit   .     (helmet unavailable)
rElec  .         Dismiss  .     G - +0 cloak
rCorr  .         Reflect  .     s - +2 pair of gloves
SustAt .         Harm     .     (no boots)
MR     +....                    D - amulet of regeneration
Stlth  ..........               (no ring)
                                (no ring)

@: flying, somewhat resistant to hostile enchantments, extremely unstealthy
A: permanent stasis, dig shafts and tunnels, four strong arms, antennae 3
a: Dig, Shaft Self, Stomp, Renounce Religion


You were in a bailey.
You worshipped Uskayaw.
Uskayaw was aware of your devotion.
You were not hungry.

You visited 3 branches of the dungeon, and saw 11 of its levels.
You also visited: Bailey.

You collected 419 gold pieces.

Inventory:

Hand Weapons
 a - a +0 war axe
 v - a +1 broad axe
 H - a +0 battleaxe (weapon)
Armour
 b - a +0 scale mail
 c - a +0 shield (worn)
 s - a +2 pair of gloves (worn)
 y - a +0 ring mail (worn)
 G - a +0 cloak (worn)
Jewellery
 h - an uncursed ring of positive energy {unknown}
 D - an amulet of regeneration (around neck)
 O - an uncursed ring of protection from magic {unknown}
Wands
 I - a wand of digging (11/24)
 P - a wand of teleportation (4/9)
Scrolls
 e - 6 scrolls of teleportation {unknown}
 k - a scroll of immolation
 l - 2 scrolls of random uselessness {unknown}
 r - 3 scrolls of remove curse
 A - 2 scrolls of fog {unknown}
 E - 2 scrolls of blinking {unknown}
 M - a scroll of vulnerability {unknown}
Potions
 d - a potion of might
 i - 3 potions of heal wounds
 m - 7 potions of curing
 z - a potion of cancellation {unknown}
 B - a potion of resistance {unknown}
 K - a potion of cure mutation {unknown}
 L - a potion of agility
 N - a potion of lignification {unknown}
Comestibles
 f - 6 bread rations
 g - 3 chunks of flesh


   Skills:
 + Level 7.3 Fighting
 + Level 7.2 Axes
 + Level 6.4 Armour
 + Level 6.1 Dodging
 + Level 9.3 Shields
 * Level 7.3 Invocations


You had 10 spell levels left.
You didn't know any spells.

Dungeon Overview and Level Annotations

Branches:
Dungeon (9/15)             Temple (1/1) D:4            Lair (1/6) D:8
    Orc: D:9-12

Altars:
Ashenzari
Cheibriados
Dithmenos
Elyvilon
Hepliaklqana
Kikubaaqudgha
Makhleb
Pakellas
Qazlal
Ru
Uskayaw
Vehumet
Xom
Zin
The Shining One

Shops:
D:8 }


Innate Abilities, Weirdness & Mutations

You are under a permanent stasis effect.
You can dig through walls and to a lower floor.
Your four strong arms can wield two-handed weapons with a shield.
You have a pair of large antennae on your head. (SInv)


Message History

You block the orc warrior's attack. The orc warrior misses you.
You closely miss the orc warrior.
The orc warrior is heavily wounded.
The orc warrior closely misses you. You block the orc warrior's attack.
You closely miss the orc warrior.
The orc warrior is heavily wounded.
The orc warrior closely misses you. You block the orc warrior's attack.
You slash the orc warrior!
The orc warrior is severely wounded.
You block the orc warrior's attack. x2
You slash the orc warrior!
The orc warrior explodes!
The fiery explosion engulfs the orc warrior.
The orc warrior is moderately wounded.
The fiery explosion engulfs the orc warrior.
The orc warrior is heavily wounded.
The fiery explosion engulfs the orc warrior.
The orc warrior is lightly wounded.
The fiery explosion engulfs you!
You die...

### #########∩##
####
##.....##...##....
#..≈≈≈..#..(#..≈≈≈
#.≈≈o§≈.......≈≈o≈
+.≈oo§@(......≈ooo
#.≈≈o≈§.(.....≈≈o≈
#..≈≈≈..#((.#..≈
##.....##.∩(#
#########∩## ###


You could see 3 orc warriors and an orc (inner flame).

Vanquished Creatures
  Pikel (D:7)
  Prince Ribbit (D:8)
  Grinder (D:5)
  2 wraiths (D:7)
  5 ogres
  2 hungry ghosts (D:7)
  An ice beast (D:7)
  2 orc warriors
  3 phantoms
  A porcupine (Lair:1)
  3 black bears
  A necrophage (D:7)
  2 centaurs
  An elf zombie (D:7)
  3 giant frogs
  3 scorpions
  A water moccasin skeleton (D:4)
  10 wights (D:7)
  4 howler monkeys
  6 crimson imps
  A quasit (D:7)
  3 human zombies (D:7)
  A gnoll shaman (D:4)
  3 hounds
  A jelly (D:8)
  4 orc priests
  A centaur skeleton (D:3)
  A giant frog skeleton (D:4)
  A human skeleton (D:7)
  4 iguanas
  3 worker ants
  7 orc wizards
  2 hound skeletons
  14 gnolls
  8 adders
  2 shadow imps
  An adder zombie (D:6)
  2 worms
  4 dart slugs
  2 giant geckos
  28 orcs
  4 bats
  9 giant cockroaches
  11 goblins
  9 hobgoblins
  8 jackals
  5 kobolds
  3 quokkas
  A ball python (D:6)
  A giant gecko zombie (D:5)
  3 giant newts
  2 orc zombies (D:7)
  A quokka zombie (D:5)
  6 rats
209 creatures vanquished.

Vanquished Creatures (others)
  4 slaves (D:7)
  An ogre (D:7)
  A crocodile (D:6)
  A statue (D:7)
  A worker ant zombie (D:7)
8 creatures vanquished.

Grand Total: 217 creatures vanquished

Notes
Turn   | Place    | Note
--------------------------------------------------------------
     0 | D:1      | st0uf the Formicid Fighter began the quest for the Orb.
     0 | D:1      | Reached XP level 1. HP: 18/18 MP: 1/1
   237 | D:1      | Reached XP level 2. HP: 18/24 MP: 2/2
   424 | D:1      | Reached skill level 4 in Shields
   458 | D:1      | Reached XP level 3. HP: 24/29 MP: 3/3
   640 | D:2      | Reached skill level 1 in Dodging
   661 | D:2      | Reached XP level 4. HP: 27/35 MP: 4/4
   964 | D:2      | Reached XP level 5. HP: 29/41 MP: 5/5
   990 | D:2      | Found a hide-covered altar of Uskayaw.
   992 | D:2      | Noticed a dagger
   992 | D:2      | Noticed a dagger
  1011 | D:2      | Became a worshipper of Uskayaw the Reveler
  1087 | D:3      | Found a snail-covered altar of Cheibriados.
  1140 | D:3      | Reached * piety under Uskayaw
  1233 | D:3      | Found a glowing silver altar of Zin.
  1577 | D:3      | Reached ** piety under Uskayaw
  1585 | D:3      | Reached *** piety under Uskayaw
  1977 | D:4      | Reached XP level 6. HP: 46/48 MP: 6/6
  1990 | D:4      | Reached skill level 5 in Shields
  1990 | D:4      | Reached skill level 1 in Invocations
  2061 | D:4      | Found a staircase to the Ecumenical Temple.
  2070 | Temple   | Entered the Ecumenical Temple
  2130 | D:4      | Reached **** piety under Uskayaw
  2234 | D:4      | Found a burning altar of Makhleb.
  2319 | D:4      | Reached XP level 7. HP: 8/54 MP: 8/8
  3041 | D:5      | Entered Level 5 of the Dungeon
  3058 | D:5      | Reached skill level 5 in Armour
  3369 | D:5      | Reached XP level 8. HP: 16/61 MP: 2/9
  3652 | D:5      | Found a shattered altar of Ashenzari.
  3682 | D:5      | Reached skill level 6 in Shields
  4032 | D:5      | Noticed Grinder
  4049 | D:5      | Killed Grinder
  4076 | D:5      | Found a shadowy altar of Dithmenos.
  4195 | D:5      | Reached skill level 5 in Fighting
  4349 | D:6      | Reached XP level 9. HP: 68/68 MP: 10/12
  4351 | D:6      | Found a glowing golden altar of the Shining One.
  4430 | D:6      | Found a shimmering altar of Xom.
  4525 | D:6      | Reached skill level 7 in Shields
  4713 | D:6      | Found an oddly glowing altar of Pakellas.
  4713 | D:6      | Noticed an orange crystal statue
  4992 | D:7      | Noticed Pikel
  5004 | D:7      | Killed Pikel
  5004 | D:7      | Reached skill level 5 in Axes
  5004 | D:7      | Reached skill level 5 in Invocations
  5142 | D:7      | Reached skill level 5 in Dodging
  5176 | D:7      | Reached skill level 8 in Shields
  5179 | D:7      | Found an ancient bone altar of Kikubaaqudgha.
  5213 | D:7      | Reached ***** piety under Uskayaw
  5219 | D:7      | Reached XP level 10. HP: 72/75 MP: 14/14
  5261 | D:7      | Reached ****** piety under Uskayaw
  5409 | D:7      | Found a radiant altar of Vehumet.
  5446 | D:7      | Found a sacrificial altar of Ru.
  5446 | D:7      | Found a stormy altar of Qazlal.
  5691 | D:7      | Found a white marble altar of Elyvilon.
  6260 | D:8      | Reached skill level 9 in Shields
  6276 | D:8      | Found a hazy altar of Hepliaklqana.
  6381 | D:8      | Noticed Prince Ribbit
  6755 | D:8      | Found Innorogh's Gadget Emporium.
  6862 | D:8      | Found a staircase to the Lair.
  6868 | Lair:1   | Entered Level 1 of the Lair of Beasts
  7031 | D:8      | Killed Prince Ribbit
  7218 | D:9      | Reached XP level 11. HP: 71/83 MP: 16/16
  7237 | D:9      | Found a flagged portal.
  7253 | Bailey   | Entered a bailey
  7253 | Bailey   | Noticed an orc knight
  7254 | Bailey   | Noticed an orc knight
  7287 | Bailey   | Killed from afar by an orc warrior

Vault maps used:
D:1:      lemuel_arrival_rhombus
D:2:      dancing_weapons_uskayaw
D:3:      cheibriados_altar_1, lemuel_crystal_altar, first_bread
D:4:      kennysheep_little_box, minmay_temple_entry_poolview
D:5:      evilmike_ruin_ashenzari, old_standard_altar, uniq_grinder
D:6:      nicolae_overflow_hidden_temple, gammafunk_pakellas_statue_experiment,
          basic_altar, minmay_misc_feat_five
D:7:      vehumet_statue, elyvilon_altar_3,
          lemuel_mausoleum_altar_kikubaaqudgha, amethyst_overflow_temple_binary,
          st_stairs_4, uniq_pikel
D:8:      kennysheep_spiral_hall, lemuel_coloured_pillars_altar, lair_0_dummy,
          serial_shops, kennysheep_mini, uniq_prince_ribbit1
D:9:      enter_bailey_7, grunt_decor_cap, uniq_maurice
Temple:   jpeg_temple_alley_garden_8
Lair:1:   lemuel_fruit_tree
Bailey:   bailey_polearm_4, bailey

Skill      XL: |  1  2  3  4  5  6  7  8  9 10 |
---------------+-------------------------------+-----
Shields        | 4 5 6 8 9 |  9.3
Armour         | 4 5 6 |  6.4
Dodging        | 1 2 3 4 5 6 |  6.1
Fighting       | 4 5 6 7 |  7.3
Invocations    | 1 2 4 5 7 |  7.3
Axes           | 3 4 5 7 |  7.2

Action                   |  1- 3 |  4- 6 |  7- 9 | 10-12 || total
-------------------------+-------+-------+-------+-------++-------
Melee: War axe           |   109 |   210 |    41 |       ||   360
       Broad axe         |       |       |   309 |   108 ||   417
       Battleaxe         |       |       |       |   172 ||   172
Invok: Stomp             |       |       |     6 |       ||     6
       Line Pass         |       |       |     1 |       ||     1
 Abil: Dig               |       |       |     4 |     2 ||     6
  Use: Scroll            |       |       |     8 |     2 ||    10
       Potion            |       |       |       |     1 ||     1
 Stab: Paralysed         |       |     4 |    10 |     9 ||    23
  Eat: Chunk             |       |     5 |    18 |    10 ||    33
       Pizza             |       |       |       |     1 ||     1
Armor: Scale mail        |    44 |    84 |    15 |       ||   143
       Ring mail         |       |       |   106 |    74 ||   180
Dodge: Dodged            |    31 |    70 |   132 |   152 ||   385
Block: Shield            |    66 |   103 |   227 |   170 ||   566
